AoeStats
← silvajuank

Arena

508319792Analyzed
1v1 RM · 12d ago on Sep 21, 2026· 46m 58s· 2 players
Game mode
Random Map
Map size
Tiny (2 player)
Population
200
Speed
Normal
Resources
Standard
Victory
Conquest
Starting age
Dark Age
Ending age
Imperial Age
RankedLock teamsTeams togetherTeam positionsShared explorationLock speedFull tech treeHidden civsTurbo modeCheats
Victory
Defeat
🇦🇷 Vietnamese · Argentina
960
+16
🇺🇸 Bohemians · United States
963
-16
silvajuank
11:02 Feudal Age
10:04 Loom
15:30 Castle Age
13:16 Double-Bit Axe
13:43 Horse Collar
16:51 Bow Saw
18:52 Gold Mining
24:53 Bloodlines
25:08 Elite Skirmisher
26:45 Heavy Plow
28:15 Wheelbarrow
27:29 Town Watch
30:34 Imperial Age
28:32 Fletching
29:12 Padded Archer Armor
29:15 Scale Mail Armor
30:18 Ballistics
29:40 Treadmill Crane
30:21 Hand Cart
30:11 Husbandry
31:11 Bodkin Arrow
32:40 Two-Man Saw
32:24 Paper Money
31:33 Imperial Skirmisher
33:28 Bracer
33:39 Forging
34:37 Crop Rotation
35:13 Hoardings
34:15 Pikeman
36:52 Chemistry
35:58 Siege Engineers
36:06 Squires
36:48 Elite Fire Lancer
39:28 Leather Archer Armor
39:19 Scale Barding Armor
39:20 Halberdier
40:41 Ring Archer Armor
40:47 Iron Casting
42:00 Thumb Ring
41:16 Heavy Cavalry Archer
42:18 Chain Barding Armor
42:13 Chain Mail Armor
43:03 Light Cavalry
Kang
0:42 Loom
11:34 Feudal Age
13:03 Wheelbarrow
12:17 Double-Bit Axe
13:45 Horse Collar
19:44 Castle Age
20:38 Town Watch
23:59 Fervor
26:07 Hand Cart
27:01 Bow Saw
27:41 Heavy Plow
33:56 Imperial Age
32:12 Ballistics
31:47 Murder Holes
31:33 Treadmill Crane
34:44 Sanctity
33:55 Pikeman
34:35 Squires
35:59 Two-Man Saw
34:36 Elite Skirmisher
36:54 Chemistry
36:27 Conscription
39:10 Forging
39:01 Scale Mail Armor
38:57 Houfnice
40:57 Fortified Wall
Connection lost

Rejoining the realm…

Still unreachable

The connection could not be restored.

Session expired

The server has moved on; the page needs a fresh start.